cohdb
Replays
Latest Replays
All Replays
Popular Replays
Top Player Replays
Match Explorer
How It Works
Community
CoH3 Stats
Reddit
Sign in to upload your games and track your stats! →
Sign in with Steam
Match 38653032
Unlisted
Match 38653032
Overview
Messages
Build Orders
End
Construct Infanterie Kompanie
Selects Italian Coastal Battlegroup
Selects Coastal Reserves
Coastal Reserve
MG 42 Machine Gun Team
Coastal Reserve
Coastal Reserve
Construct Panzergrenadier Kompanie
Coastal Reserve
Pak 40 Anti-tank Gun Team
251 Medium Carrier
Selects Support Bunkers
Pak 40 Anti-tank Gun Team
Support Elements
StuG III G Assault Gun
KoalaImpala
Tanith's Finest
♪『Twilight Sparkle』♪MLP
Johnny_Destructo
Jakestallion
GrumblingKingJ
Benny
J-Bae
0
0
Comments
sign in to comment!
No comments posted yet!